 Dungeon Crawl Stone Soup version 0.27-a0-684-g359e429f13 (webtiles) character file.

Game seed: 11726033668719842201

556 Gaff the Slinger (level 7, 0/44 HPs)
             Began as a Halfling Hunter on Mar 20, 2021.
             Was an Initiate of Fedhas.
             Slain by an orc wizard
             ... wielding a +0 dagger
              (1 damage)
             ... on level 5 of the Dungeon.
             The game lasted 00:20:23 (7201 turns).

Gaff the Slinger (Halfling Hunter)                  Turns: 7201, Time: 00:20:24

Health: 0/44       AC:  4    Str: 13    XL:     7   Next: 56%
Magic:  7/7        EV: 15    Int:  9    God:    Fedhas [......]
Gold:   273        SH:  0    Dex: 17    Spells: 6/6 levels left

rFire    . . .     SeeInvis .   a - +1 hunting sling
rCold    . . .     Faith    .   i - +0 buckler
rNeg     . . .     Spirit   .   c - +0 leather armour
rPois    .         Reflect  .   (no helmet)
rElec    .         Harm     .   (no cloak)
rCorr    .         Rampage  .   (no gloves)
Will     .....                  v - +0 pair of boots
Stlth    +.........             (no amulet)
HPRegen  0.14/turn              (no ring)
MPRegen  0.10/turn              (no ring)

@: confused
A: small, no large weapons, mutation resistance 1
a: Renounce Religion


You were on level 5 of the Dungeon.
You worshipped Fedhas.
Fedhas was noncommittal.
You visited 1 branch of the dungeon, and saw 6 of its levels.

You collected 273 gold pieces.

Inventory:

Hand Weapons
 a - a +1 hunting sling (weapon)
 b - a +0 short sword
Missiles
 d - 56 sling bullets (quivered ammo)
 f - 109 stones
 m - 5 poisoned darts
Armour
 c - a +0 leather armour (worn)
 i - a +0 buckler (worn)
 u - a +0 kite shield
 v - a +0 pair of boots (worn)
Jewellery
 D - a +6 ring of intelligence
Wands
 j - a wand of flame (30)
 s - a wand of acid (10)
 A - a wand of random effects (12)
 E - a wand of digging (6)
Scrolls
 g - a scroll of teleportation {unknown}
 h - 4 scrolls of identify {unknown}
 l - a scroll of immolation {unknown}
 p - a scroll of vulnerability {unknown}
 q - 2 scrolls of magic mapping {unknown}
 r - a scroll of acquirement {unknown}
 y - a scroll of silence {unknown}
 z - a scroll of random uselessness {unknown}
 B - a scroll of enchant weapon {unknown}
 G - a scroll of amnesia {unknown}
Potions
 e - a potion of might
 k - a potion of magic
 n - a potion of attraction {unknown}
 o - a potion of berserk rage {unknown}
 t - a potion of resistance {unknown}
 w - 2 potions of mutation {unknown}
 x - a potion of degeneration {unknown}
 C - a potion of curing {unknown}
 F - a potion of flight {unknown}
 H - a potion of heal wounds {unknown}


   Skills:
 - Level 1.9 Fighting
 * Level 9.5 Slings
 - Level 0.4 Armour
 + Level 4.4 Dodging
 + Level 4.1 Stealth
 + Level 0.9 Shields
 + Level 1.0 Invocations


You had 6 spell levels left.
You didn't know any spells.
Your spell library contained the following spells:

 Spells                   Type           Power      Damage    Failure   Level
 Animate Skeleton         Necr           0%         N/A       63%         1
 Apportation              Tloc           0%         N/A       63%         1
 Corona                   Hex            0%         N/A       63%         1
 Magic Dart               Conj           0%         1d3       63%         1
 Summon Small Mammal      Summ           0%         N/A       63%         1
 Blink                    Tloc           N/A        N/A       77%         2
 Call Imp                 Summ           0%         N/A       77%         2
 Slow                     Hex            0%         N/A       77%         2
 Conjure Flame            Conj/Fire      0%         6-21      94%         3
 Mephitic Cloud           Conj/Pois/Air  0%         N/A       94%         3
 Ice Form                 Ice/Tmut       0%         N/A       100%        4
 Metabolic Englaciation   Hex/Ice        0%         N/A       100%        5
 Freezing Cloud           Conj/Ice/Air   0%         6-21      100%        6
 Simulacrum               Ice/Necr       0%         N/A       100%        6
 Ozocubu's Refrigeration  Ice            0%         4d5       100%        7


Dungeon Overview and Level Annotations

Branches:
Dungeon (6/15)             Temple (0/1) D:6

Altars:
Fedhas
Okawaru
Qazlal
Trog
Uskayaw
Zin

Annotations:
D:2 Sigmund


Innate Abilities, Weirdness & Mutations

You are small and have problems with some larger weapons.
You are somewhat resistant to further mutation.


Message History

The orc wizard gestures at you while chanting.
You are more confused.
You bump into the rock wall.
The orc wizard gestures at you while chanting.
The magic dart hits you.
You closely miss the orc wizard.
The orc wizard is severely wounded.
The orc wizard barely misses you.
You closely miss the orc wizard.
The orc wizard is severely wounded.
The orc wizard hits you with a +0 dagger.
* * * LOW HITPOINT WARNING * * *
You completely miss the orc wizard.
The orc wizard is severely wounded.
The orc wizard gestures at you while chanting.
The magic dart hits you!
* * * LOW HITPOINT WARNING * * *
a - a +1 hunting sling (weapon)
The orc wizard barely misses you.
Non-targeted confused fire: 59 sling bullets
Press: ? - help, Q - select action, (/) - cycle Dir - look around, f - activate You shoot a sling bullet.
The sling bullet completely misses the orc wizard.
The orc wizard points at you and mumbles some strange words.
You resist with some effort.
Non-targeted confused fire: 58 sling bullets
Press: ? - help, Q - select action, (/) - cycle Dir - look around, f - activate You shoot a sling bullet.
Unknown command.
Non-targeted confused fire: 57 sling bullets
Press: ? - help, Q - select action, (/) - cycle Dir - look around, f - activate Look: an orc wizard, wielding a +0 dagger and wearing a +0 robe (severely wounded, 43% to hit)
You shoot a sling bullet. The orc wizard casts a spell at you.
The puff of flame hits you!
* * * LOW HITPOINT WARNING * * *
It was a potion of magic.
Magic courses through your body.
The orc wizard hits you with a +0 dagger.
You die...
Fedhas appreciates your contribution to the ecosystem.

....#.......≈###....#..##
...##........# ####.....#
...........### #.......##
...........# #...#####
#.#####...######....#
#..#.##....##.#....(#
....................#
.....##..........o.##
#..............#@#########
#..............###...#.†.##
#...............#.........##
#........................._#
##............#.#........^##
###..<........#.##...#...##
.##..........##.##########
..#.............#
..........##....#


You could see an orc wizard.

Vanquished Creatures
  A scorpion (D:5)
  A howler monkey (D:6)
  2 bullfrog zombies (D:5)
  A jelly (D:4)
  A hound (D:6)
  An orc priest (D:4)
  A centaur skeleton (D:4)
  An iguana (D:5)
  Natasha (D:2)
  2 worker ants (D:4)
  A hound zombie (D:5)
  A howler monkey zombie (D:3)
  6 adders
  A worm (D:3)
  3 dart slugs
  4 leopard geckos
  12 orcs
  A ball python (D:4)
  4 bats
  7 giant cockroaches
  9 goblins
  6 hobgoblins
  9 jackals
  A quokka (D:4)
  3 frilled lizards
  9 kobolds
  5 rats
94 creatures vanquished.

Notes
Turn   | Place    | Note
-------+----------+-------------------------------------------
     0 | D:1      | Gaff the Halfling Hunter began the quest for the Orb.
     0 | D:1      | Reached XP level 1. HP: 14/14 MP: 1/1
    48 | D:1      | Reached skill level 6 in Slings
   872 | D:1      | Reached XP level 2. HP: 19/19 MP: 2/2
  1359 | D:1      | Reached XP level 3. HP: 18/24 MP: 3/3
  2199 | D:2      | Noticed Sigmund
  2482 | D:1      | Reached skill level 7 in Slings
  2482 | D:1      | Reached XP level 4. HP: 23/29 MP: 4/4
  3033 | D:2      | Noticed Natasha
  3050 | D:2      | HP: 1/29 [Natasha (2)]
  3051 | D:2      | Killed Natasha
  3677 | D:3      | Reached XP level 5. HP: 23/34 MP: 5/5
  4256 | D:3      | Found a bloodstained altar of Trog.
  4905 | D:4      | Reached skill level 8 in Slings
  4905 | D:4      | Reached XP level 6. HP: 39/39 MP: 6/6
  5312 | D:4      | Found a stormy altar of Qazlal.
  5694 | D:4      | Found a hide-covered altar of Uskayaw.
  5875 | D:5      | Entered Level 5 of the Dungeon
  6133 | D:5      | Reached skill level 9 in Slings
  6133 | D:5      | Reached XP level 7. HP: 39/44 MP: 7/7
  6227 | D:5      | Found a blossoming altar of Fedhas.
  6237 | D:5      | Became a worshipper of Fedhas Madash
  6611 | D:5      | Found a glowing silver altar of Zin.
  6999 | D:6      | Reached skill level 1 in Invocations
  7106 | D:6      | Found an iron altar of Okawaru.
  7126 | D:6      | Found a staircase to the Ecumenical Temple.
  7200 | D:5      | HP: 1/44 [orc wizard/puff of flame (13)]
  7201 | D:5      | Slain by an orc wizard

Illustrated notes

Levels and vault maps discovered:
D:1:      dpeg_arrival_rooms_a, layout_basic, minmay_heptomino_h4
D:2:      minmay_diamond_boxcup, layout_rooms, uniq_sigmund, uniq_natasha
D:3:      layout_basic, general_overflow_altar, dk_noncrumbling_4, hex_medium
D:4:      kennysheep_spiral_hall, layout_basic,
          nicolae_uskayaw_murder_on_the_dancefloor, grunt_qazlal_sundering,
          hex_large
D:5:      layout_cave_pools, lemuel_crystal_altar, marbit_many_paths,
          grunt_ministairs_15, chequers_serial_rivers_micro_e,
          kennysheep_generic_room_3
D:6:      layout_basic, lemuel_doored_altar, temple_green, serial_shops,
          kennysheep_little_box, serial_corexii_hall, corexii_hall_statues_l,
          corexii_hall_statues_x

Skill      XL: |  1  2  3  4  5  6  7 |
---------------+----------------------+-----
Slings         | 6 7 8 9 |  9.5
Stealth        | 2 3 4 |  4.1
Dodging        | 3 4 |  4.4
Invocations    | 1 |  1.0
Fighting       | |  1.9
Armour         | |  0.4
Shields        | |  0.9

Action                   |  1- 3 |  4- 6 |  7- 9 || total
-------------------------+-------+-------+-------++-------
Melee: Short sword       |   115 |   165 |    46 ||   326
 Fire: Hunting sling     |    18 |   122 |    46 ||   186
  Use: Potion            |       |     2 |     1 ||     3
       Scroll            |       |     1 |       ||     1
 Stab: Sleeping          |     4 |     5 |       ||     9
Armor: Leather armour    |    30 |    32 |     5 ||    67
Dodge: Dodged            |   131 |   142 |    43 ||   316
Block: Buckler           |       |     4 |     7 ||    11

Table legend: (Time is in decaauts)
 A = Elapsed time spent in this place.
 B = Non-inter-level travel time spent in this place.
 C = Inter-level travel time spent in this place.
 D = Time resting spent in this place.
 E = Time spent auto-exploring this place.
 F = Levels seen in this place.
 G = Mean time per level.
                   A        B        C        D        E       F      G
               +--------+--------+--------+--------+--------+-----+--------+
         Total |   7178 |   7052 |    126 |   2864 |   1737 |   6 | 1196.3 |
       Dungeon |   7178 |   7052 |    126 |   2864 |   1737 |   6 | 1196.3 |
               +--------+--------+--------+--------+--------+-----+--------+

Top non-repeatable levels by time:
     D:1: 2391 daAuts
     D:2: 1246 daAuts
     D:5: 1136 daAuts
     D:3: 1122 daAuts
     D:4: 1092 daAuts
     D:6: 189 daAuts
